 Dungeon Crawl Stone Soup version 0.13.1-27-ga479965 (webtiles) character file.

6245 Chiseanne the Hoplite (level 11, -4/80 (83) HPs)
             Began as a Human Fighter on Feb 13, 2014.
             Was an Elder of Okawaru.
             Slain by an eight-headed hydra zombie (8 damage)
             ... on Level 10 of the Dungeon.
             The game lasted 00:44:15 (15015 turns).

Chiseanne the Hoplite (Human Fighter)              Turns: 15015, Time: 00:44:16

HP  -4/80 (83)   AC 28     Str 16      XL: 11   Next:  5%
MP  16/16        EV  9     Int 12      God: Okawaru [****..]
Gold 531         SH 28     Dex 15 (16) Spells:  0 memorised, 10 levels left

Res.Fire  : . . .   See Invis. : .   a - +1,-1 flail (protect)
Res.Cold  : . . .   Warding    : .   i - +6 scale mail of Dishonour {Int+3 Stlth+}
Life Prot.: . . .   Conserve   : .   c - +0 shield
Res.Poison: .       Res.Corr.  : .   k - +1 winged helmet
Res.Elec. : .       Clarity    : +   S - +0 cloak
Sust.Abil.: . .     Spirit.Shd : .   t - +2 pair of gloves
Res.Mut.  : .       Stasis     : .   (no boots)
Res.Rott. : .       Flight     : .   j - amulet of clarity
Saprovore : . . .                    (no ring)
                                     g - ring of flight

@: heroism, drained, somewhat resistant to hostile enchantments, fairly stealthy
A: no striking features
a: Heroism, Renounce Religion, Evoke Flight


You were on level 10 of the Dungeon.
You worshipped Okawaru.
Okawaru was greatly pleased with you.
You were not hungry.

You visited 2 branches of the dungeon, and saw 11 of its levels.
You also visited: Sewer.

You collected 511 gold pieces.

Inventory:

Hand weapons
 a - a +1,-1 flail of protection (weapon)
 s - a +4,+1 flail of crushing
 x - a -1,+2 orcish glaive
 z - a +2,+1 dagger of venom (quivered)
 F - a +1,+4 dagger of distortion
 G - a -1,+2 orcish glaive
 L - a +1,+3 war axe
Armour
 c - a +0 shield (worn)
 i - the +6 scale mail of Dishonour (worn) {Int+3 Stlth+}
   (You found it on level 5 of the Dungeon)

   It affects your intelligence (+3).
   It makes you much more stealthy.
 k - a +1 winged helmet (worn)
 t - a +2 pair of gloves (worn)
 S - a +0 cloak (worn)
Magical devices
 o - a wand of polymorph (11)
 q - a wand of draining (10)
 w - a wand of polymorph (10)
 B - a wand of lightning (2)
 I - a wand of draining (2)
 J - a wand of polymorph (16)
 P - a wand of paralysis (4)
Comestibles
 d - 6 bread rations
 n - a meat ration
 R - a snozzcumber
Scrolls
 e - 2 scrolls of teleportation
 h - 2 scrolls of enchant armour
 l - 2 scrolls of fog
 u - 4 scrolls of recharging
 A - 2 scrolls of fear
 M - a scroll of magic mapping
 Q - a scroll of blinking
Jewellery
 g - a ring of flight (left hand)
 j - an amulet of clarity (around neck)
 m - an uncursed amulet of warding {unknown}
 E - an uncursed ring of ice
 T - a +3 ring of dexterity {unknown}
Potions
 b - 3 potions of restore abilities
 f - 3 potions of flight
 r - 2 potions of heal wounds
 v - 6 potions of curing
 O - a potion of poison {unknown}
Miscellaneous
 K - a lantern of shadows
 N - a stone of tremors


   Skills:
 * Level 7.4(12.3) Fighting
   Level 2.0(6.9) Long Blades
 - Level 4.5(9.4) Maces & Flails
 * Level 8.2(13.1) Armour
 * Level 10.9(15.8) Shields
 * Level 3.5(3.4) Invocations


You had 10 spell levels left.
You didn't know any spells.

Dungeon Overview and Level Annotations

Branches:
Dungeon (10/27)            Temple (1/1) D:5
    Orc: D:6-11        Lair: D:8-13

Altars:
Ashenzari
Cheibriados
Elyvilon
Fedhas
Kikubaaqudgha
Makhleb
Nemelex Xobeh
Okawaru
Sif Muna
Trog
Vehumet
Xom
Yredelemnul
Zin
the Shining One

Annotations:
D:3 Chiseanne's ghost, average HuFi
D:4 Prince Ribbit


Message History

You block the eight-headed hydra zombie's attack.
The eight-headed hydra zombie bites you.
* * * LOW HITPOINT WARNING * * *
The eight-headed hydra zombie bites you but does no damage.
You hit the eight-headed hydra zombie.
You completely miss the eight-headed hydra zombie.
You block the eight-headed hydra zombie's attack.
The eight-headed hydra zombie bites you but does no damage.
The eight-headed hydra zombie closely misses you.
The eight-headed hydra zombie bites you but does no damage.
The eight-headed hydra zombie bites you!
* * * LOW HITPOINT WARNING * * *
You thump the eight-headed hydra zombie!
The eight-headed hydra zombie bites you!
* * * LOW HITPOINT WARNING * * *
You block the eight-headed hydra zombie's attack.
The eight-headed hydra zombie barely misses you.
The eight-headed hydra zombie bites you but does no damage.
The eight-headed hydra zombie bites you!
You die...

#.................
#.#######.........
#.# #...###### #.#
#...# # #.# #...#
# #.# #...# # #.#
#...###### #.#
#......... #@#
#.......>.
#Z#######.........
#p..........######
#...........#
#...........#
#...........######
#.<...............
#.................
#...........######


You could see a phantom and an eight-headed hydra zombie.

Vanquished Creatures
  A hill giant (D:7)
  A hog (D:10)
  3 hungry ghosts
  Edmund (D:6)
  Menkaure (D:7)
  A necrophage (D:9)
  A phantom (D:9)
  5 orc warriors
  2 ice beasts (D:9)
  6 ogres
  4 sky beasts
  4 centaurs
  2 giant frogs (D:7)
  A big kobold (Sewer)
  A water moccasin (D:8)
  4 killer bees (D:9)
  4 wights (D:10)
  2 goliath beetles
  A troll skeleton (D:8)
  A quasit (D:9)
  A yak skeleton (D:7)
  5 crimson imps
  A jelly (D:8)
  A big fish (Sewer)
  5 hounds
  4 scorpions
  7 orc priests
  10 orc wizards
  2 iguanas
  11 worker ants
  A mummy (D:10)
  Terence (D:3)
  7 adders
  4 giant centipedes (D:3)
  3 gnolls (D:9)
  2 giant mites (D:6)
  10 worms
  A giant centipede zombie (D:9)
  An iguana skeleton (D:7)
  33 orcs
  A ball python (D:2)
  15 bats
  3 giant cockroaches
  13 goblins
  22 hobgoblins
  5 jackals
  31 kobolds
  8 quokkas
  3 giant geckos
  A giant gecko skeleton (D:6)
  5 giant newts
  A hobgoblin zombie (D:7)
  2 kobold skeletons
  2 orc skeletons
  An orc zombie (D:10)
  A quokka zombie (D:5)
  19 rats
289 creatures vanquished.

Notes
Turn   | Place    | Note
--------------------------------------------------------------
     0 | D:1      | Chiseanne, the Human Fighter, began the quest for the Orb.
     0 | D:1      | Reached XP level 1. HP: 18/18 MP: 0/0
   291 | D:1      | Found a shattered altar of Ashenzari.
   374 | D:1      | Reached XP level 2. HP: 21/24 MP: 1/1
   758 | D:2      | Reached XP level 3. HP: 26/30 MP: 2/2
  1335 | D:2      | Reached XP level 4. HP: 36/36 MP: 3/3
  1735 | D:3      | Noticed Chiseanne's ghost (average HuFi)
  2040 | D:3      | Reached skill level 4 in Shields
  2040 | D:3      | Reached XP level 5. HP: 11/42 MP: 4/4
  2538 | D:3      | Found a glowing drain.
  2639 | Sewer    | Entered a sewer
  2895 | Sewer    | Reached XP level 6. HP: 37/48 MP: 5/5
  3061 | Sewer    | Reached skill level 5 in Shields
  3142 | Sewer    | Found a white marble altar of Elyvilon.
  3376 | D:3      | Noticed Terence
  3397 | D:3      | Killed Terence
  3934 | D:4      | Reached skill level 5 in Armour
  3934 | D:4      | Reached XP level 7. HP: 44/54 MP: 6/6
  4193 | D:4      | Noticed Prince Ribbit
  5294 | D:5      | Entered Level 5 of the Dungeon
  5908 | D:5      | Reached skill level 6 in Shields
  5923 | D:5      | Got a twisted scale mail
  5926 | D:5      | Identified the +6 scale mail of Dishonour {Int+3 Stlth+} (You found it on level 5 of the Dungeon)
  6442 | D:5      | Reached skill level 1 in Maces & Flails
  6442 | D:5      | Reached XP level 8. HP: 34/61 MP: 7/7
  6700 | D:5      | Found a staircase to the Ecumenical Temple.
  6725 | Temple   | Entered the Ecumenical Temple
  6865 | Temple   | Became a worshipper of Warmaster Okawaru
  7391 | D:6      | Reached skill level 5 in Fighting
  7846 | D:6      | Reached skill level 7 in Shields
  8006 | D:6      | Noticed Edmund
  8027 | D:6      | Killed Edmund
  8030 | D:6      | Acquired Okawaru's first power
  8137 | D:6      | Reached XP level 9. HP: 29/67 MP: 6/8
  8498 | D:7      | Noticed a hill giant
  8538 | D:7      | Killed a hill giant
  8538 | D:7      | Reached skill level 8 in Shields
  9194 | D:7      | Noticed Menkaure
  9221 | D:7      | Killed Menkaure
  9221 | D:7      | Reached skill level 1 in Invocations
  9598 | D:7      | Reached skill level 9 in Shields
  9691 | D:7      | Reached XP level 10. HP: 72/75 MP: 11/11
 11467 | D:9      | Noticed Psyche
 11469 | D:9      | Noticed Psyche
 11469 | D:9      | Psyche changed into Psyche the ice beast
 11495 | D:9      | Killed Psyche the ice beast
 11816 | D:9      | Found a burning altar of Makhleb.
 11960 | D:9      | Reached skill level 10 in Shields
 13528 | D:10     | Entered Level 10 of the Dungeon
 13733 | D:10     | Found a blossoming altar of Fedhas.
 14408 | D:10     | Reached XP level 11. HP: 74/80 MP: 16/16
 14573 | D:10     | Noticed Maurice
 14573 | D:10     | Paralysed by Maurice for 4 turns
 14577 | D:10     | Noticed Maurice
 14577 | D:10     | Maurice changed into Maurice the hog
 14594 | D:10     | Killed Maurice the hog
 15015 | D:10     | HP: 4/80 [eight-headed hydra zombie (11)]
 15015 | D:10     | Slain by an eight-headed hydra zombie

Action                   |  1- 3 |  4- 6 |  7- 9 | 10-12 || total
-------------------------+-------+-------+-------+-------++-------
Melee: Falchion          |   122 |   322 |   189 |       ||   633
       Flail             |       |       |   450 |   656 ||  1106
       Unarmed           |       |       |     3 |       ||     3
Invok: Heroism           |       |       |     3 |     5 ||     8
Evoke: Wand              |       |       |     1 |     5 ||     6
  Use: Scroll            |       |     7 |    13 |     4 ||    24
       Potion            |       |     5 |     4 |     6 ||    15
 Stab: Confused          |       |       |     1 |       ||     1
       Invisible         |       |       |       |     3 ||     3
